 Dungeon Sprint DCSS version 0.27-a0-1431-gcffa5a9b16 (webtiles) character file.

Game seed: 16267740284350521660

3649 mhtbhm the Eclecticist (level 9, -2/48 HPs)
             Began as a Deep Elf Earth Elementalist on July 2, 2021.
             Was an Elder of Vehumet.
             Slain by a blink frog (13 damage)
             ... in the Dungeon (Sprint IX: "|||||||||||||||||||||||||||||").
             The game lasted 00:02:51 (1579 turns).

mhtbhm the Eclecticist (DEEE)                       Turns: 1579, Time: 00:02:52

Health: -2/48      AC:  4    Str:  8    XL:     9   Next: 88%
Magic:  26/33      EV: 14    Int: 27    God:    Vehumet [****..]
Gold:   14         SH:  0    Dex: 15    Spells: 25/44 levels left

rFire    . . .     SeeInvis .   a - +2 halberd (protect)
rCold    . . .     Faith    +   (shield currently unavailable)
rNeg     . . .     Spirit   .   b - +0 robe
rPois    .         Reflect  .   (no helmet)
rElec    .         Harm     .   (no cloak)
rCorr    .         Rampage  .   m - +0 pair of gloves
Will     .....     NoTele   +   n - +0 pair of boots
Stlth    +++.......             q - amulet of faith
HPRegen  0.16/turn              o - +3 ring of strength
MPRegen  0.23/turn              p - +3 ring of intelligence

@: no status effects
A: no striking features
a: Renounce Religion


You were in the Dungeon.
You worshipped Vehumet.
Vehumet was greatly pleased with you.
You visited 1 branch You collected 14 gold pieces.

Inventory:

Hand Weapons
 a - a +2 halberd of protection (weapon)
Missiles
 i - 15 stones
Armour
 b - a +0 robe (worn)
 m - a +0 pair of gloves (worn)
 n - a +0 pair of boots (worn)
Jewellery
 o - a +3 ring of strength (left hand)
 p - a +3 ring of intelligence (right hand)
 q - an amulet of faith (around neck)
Wands
 l - a wand of acid (5)
Scrolls
 h - 3 scrolls of blinking
 k - 2 scrolls of amnesia
 r - a scroll of fog
 s - a scroll of fear
 t - 4 scrolls of enchant armour
Potions
 c - 5 potions of curing
 d - a potion of haste
 e - 3 potions of heal wounds
 f - 4 potions of magic
 g - a potion of berserk rage
 j - a potion of invisibility


   Skills:
 + Level 2.0 Fighting
 + Level 5.1 Dodging
 + Level 6.3 Stealth
 + Level 18.2 Spellcasting
 + Level 2.3 Transmutations
 + Level 16.6 Earth Magic
 + Level 2.8 Evocations


You had 25 spell levels left.
You knew the following spells:

 Your Spells              Type           Power      Damage    Failure   Level
a - Sandblast             Erth           100%       2d20      0%          1
b - Passwall              Tmut/Erth      55%        N/A       1%          2
c - Stone Arrow           Conj/Erth      100%       3d13      1%          3
d - Lee's Rapid Deconstr  Erth           42%        3d22*     1%          5
e - Petrify               Tmut/Erth      66%        N/A       1%          4
f - Sticky Flame          Conj/Fire      24%        2d5       5%          4

Your spell library contained the following spells:

 Spells                   Type           Power      Damage    Failure   Level
 Bolt of Magma            Conj/Fire/Erth 26%        4d12      1%          5


Dungeon Overview and Level Annotations

Branches:
Dungeon (1/1)

Altars:
Cheibriados
Dithmenos
Elyvilon
Fedhas
Gozag
Hepliaklqana
Kikubaaqudgha
Makhleb
Nemelex Xobeh
Okawaru
Qazlal
Ru
Sif Muna
Trog
Uskayaw
Vehumet
Wu Jian
Xom
Yredelemnul
Zin
The Shining One
Beogh
Jiyva
Lugonu


Message History

Unknown command.
Okay, then.
You feel much better.
The blink frog hits you but does no damage.
A bullfrog comes into view.
The yak closely misses you.
Unknown command.
Casting: Lee's Rapid Deconstruction (safe; 1% risk of failure)
Confirm with . or Enter, or press ? or * to list all spells.
Aiming: Lee's Rapid Deconstruction (safe; 1% risk of failure)
Press: ? - help, Dir - move target, f - water moccasin Fragment what (e.g. wall or brittle monster)?: a water moccasin (severely wounded)
An open door to the Lair.
The stone door frame shatters!
The blast of rock fragments hits the water moccasin!!!
You kill the water moccasin!
Vehumet accepts your kill.
Vehumet offers you knowledge of Bolt of Magma.
The blast of rock fragments hits the cane toad!!
The cane toad is severely wounded.
The blast of rock fragments hits the yak!!
You kill the yak!
Vehumet accepts your kill.
You feel your power returning.
You hear an angry hiss.
The blink frog hits you!
The blink frog blinks!
Your Spellcasting skill increases to level 18!
Unknown command.
Unknown command.
Casting: Lee's Rapid Deconstruction (safe; 1% risk of failure)
Confirm with . or Enter, or press ? or * to list all spells.
Aiming: Stone Arrow (safe; 1% risk of failure)
Press: ? - help, Shift-Dir - straight line, f - blink frog
Aim: a blink frog (61% to hit)
The stone arrow hits the blink frog!!
The blink frog is severely wounded.
The blink frog hits you!
* * * LOW HITPOINT WARNING * * *
The blink frog hits you!
You die...

▓.▓.▓_▓
▓.▓.▓_▓
▓.▓.▓_▓
▓F▓.▓_▓
▓S▓.▓_▓
▓.▓.▓_▓
▓F▓.▓_▓
▓F▓.▓_▓
▓@▓.▓_▓
▓F▓.▓_▓
▓.▓.▓_▓
▓.▓.▓'▓
▓.▓.▓.▓
▓.▓.▓.▓
▓.▓.▓.▓
▓.▓.▓.▓
▓.▓.▓.▓


You could see a cane toad, a blink frog, a water moccasin and 2 bullfrogs.

Vanquished Creatures
  A hydra (D)
  A death knight (D)
  A skeletal warrior (D)
  A cyclops (D)
  A black mamba (D)
  A snapping turtle (shapeshifter) (D)
  A wraith (D)
  2 yaks (D)
  A vampire mosquito (D)
  A water moccasin (D)
  A necrophage (D)
  A centaur (D)
  A howler monkey (D)
  2 hounds (D)
  2 orc wizards (D)
  An adder (D)
  A dart slug (D)
  A quokka (D)
  A ball python (D)
  A ball python zombie (D)
  A bat (D)
  A kobold (D)
25 creatures vanquished.

Notes
Turn   | Place    | Note
-------+----------+-------------------------------------------
     0 | D        | mhtbhm the Deep Elf Earth Elementalist began the quest for
                  | the Orb.
     0 | D        | Reached XP level 1. HP: 10/10 MP: 6/6
     7 | D        | Reached skill level 4 in Spellcasting
   150 | D        | Reached skill level 5 in Spellcasting
   209 | D        | Noticed a necrophage
   209 | D        | Noticed a hound
   209 | D        | Noticed a hound
   211 | D        | Killed a hound
   212 | D        | Reached skill level 6 in Spellcasting
   212 | D        | Reached skill level 5 in Earth Magic
   212 | D        | Reached XP level 2. HP: 14/15 MP: 7/11
   212 | D        | Reached XP level 3. HP: 17/19 MP: 7/12
   215 | D        | Reached skill level 7 in Spellcasting
   215 | D        | Reached XP level 4. HP: 22/24 MP: 4/15
   222 | D        | Killed a necrophage
   223 | D        | Reached skill level 8 in Spellcasting
   223 | D        | Reached XP level 5. HP: 27/28 MP: 3/18
   227 | D        | Learned a level 2 spell: Passwall
   231 | D        | Learned a level 3 spell: Stone Arrow
   237 | D        | Learned a level 5 spell: Lee's Rapid Deconstruction
   242 | D        | Learned a level 4 spell: Petrify
   331 | D        | Found a snail-covered altar of Cheibriados.
   331 | D        | Found a shadowy altar of Dithmenos.
   331 | D        | Found a white marble altar of Elyvilon.
   331 | D        | Found a blossoming altar of Fedhas.
   331 | D        | Found an opulent altar of Gozag.
   332 | D        | Found a hazy altar of Hepliaklqana.
   333 | D        | Found a viscous altar of Jiyva.
   334 | D        | Found an ancient bone altar of Kikubaaqudgha.
   335 | D        | Found a corrupted altar of Lugonu.
   336 | D        | Found a burning altar of Makhleb.
   337 | D        | Found a sparkling altar of Nemelex Xobeh.
   338 | D        | Found an iron altar of Okawaru.
   339 | D        | Found a stormy altar of Qazlal.
   340 | D        | Found a sacrificial altar of Ru.
   341 | D        | Found a shimmering blue altar of Sif Muna.
   342 | D        | Found a bloodstained altar of Trog.
   343 | D        | Found a hide-covered altar of Uskayaw.
   344 | D        | Found a radiant altar of Vehumet.
   345 | D        | Found an ornate altar of the Wu Jian Council.
   346 | D        | Found a shimmering altar of Xom.
   347 | D        | Found a basalt altar of Yredelemnul.
   348 | D        | Found a glowing silver altar of Zin.
   349 | D        | Found a glowing golden altar of the Shining One.
   352 | D        | Became a worshipper of Vehumet
   391 | D        | Noticed a centaur
   391 | D        | Noticed a wraith
   391 | D        | Noticed a yak
   391 | D        | Noticed a vampire mosquito
   393 | D        | Killed a vampire mosquito
   394 | D        | Reached skill level 5 in Stealth
   394 | D        | Reached skill level 10 in Spellcasting
   394 | D        | Reached skill level 10 in Earth Magic
   394 | D        | Reached XP level 6. HP: 31/32 MP: 17/21
   396 | D        | Killed a yak
   396 | D        | Reached * piety under Vehumet
   396 | D        | Offered knowledge of Foxfire by Vehumet.
   397 | D        | Reached skill level 11 in Spellcasting
   401 | D        | Reached XP level 7. HP: 12/37 MP: 3/24
   401 | D        | Killed a wraith
   401 | D        | Reached ** piety under Vehumet
   402 | D        | Reached skill level 1 in Fighting
   402 | D        | Reached skill level 12 in Spellcasting
   608 | D        | Noticed a cyclops
   608 | D        | Noticed a death knight
   608 | D        | Noticed a tarantella
   608 | D        | Noticed a skeletal warrior
   608 | D        | Noticed a seven-headed hydra
   611 | D        | Offered knowledge of Magic Dart by Vehumet.
   617 | D        | Killed a skeletal warrior
   618 | D        | Reached skill level 14 in Spellcasting
   618 | D        | Reached skill level 1 in Evocations
   618 | D        | Reached XP level 8. HP: 43/43 MP: 11/28
   622 | D        | Noticed an elephant
   622 | D        | a tarantella changed into an elephant
   637 | D        | Killed a seven-headed hydra
   638 | D        | Reached skill level 15 in Spellcasting
   638 | D        | Reached skill level 15 in Earth Magic
   898 | D        | Noticed a snapping turtle
   902 | D        | Killed a snapping turtle
   902 | D        | Offered knowledge of Ignite Poison by Vehumet.
   902 | D        | Reached *** piety under Vehumet
   903 | D        | Reached skill level 16 in Spellcasting
   903 | D        | Reached XP level 9. HP: 48/48 MP: 10/31
   980 | D        | Killed a death knight
   981 | D        | Reached skill level 5 in Dodging
   981 | D        | Reached skill level 17 in Spellcasting
  1338 | D        | Killed a cyclops
  1338 | D        | Offered knowledge of Sticky Flame by Vehumet.
  1569 | D        | Learned a level 4 spell: Sticky Flame
  1569 | D        | Noticed a cane toad
  1569 | D        | Noticed a black mamba
  1576 | D        | Killed a black mamba
  1576 | D        | Reached **** piety under Vehumet
  1578 | D        | Offered knowledge of Bolt of Magma by Vehumet.
  1579 | D        | Reached skill level 18 in Spellcasting
  1579 | D        | Slain by a blink frog

Illustrated notes

Levels and vault maps discovered:
D:        linesprint [early_d, line_temple, items_1, d_10, items_2, lair_1,
          lair_end, items_3, orc_1, orc_end, items_4, d_15, swamp_1, shoals_1,
          snake_1, spider_1, d_20, vaults_1, items_5, swamp_end, shoals_end,
          snake_end, spider_end, vaults_end, d_27, items_6, zot_1, zot_end,
          crypt_end, forest_end, elf_end, slime_end, tomb_end, abyss_end,
          pan_hell_end]

Skill      XL: |  1  2  3  4  5  6  7  8  9 |
---------------+----------------------------+-----
Spellcasting   | 6 7 8 10 11 14 16 18 | 18.2
Dodging        | 3 4 5 |  5.1
Stealth        | 3 4 5 6 |  6.3
Earth Magic    | 5 6 8 10 12 14 15 16 | 16.6
Fighting       | 1 2 |  2.0
Evocations     | 1 2 |  2.8
Transmutations | 2 |  2.3

Action                   |  1- 3 |  4- 6 |  7- 9 || total
-------------------------+-------+-------+-------++-------
 Cast: Sandblast         |    12 |     5 |     2 ||    19
       Lee's Rapid Decon |       |     3 |    17 ||    20
       Petrify           |       |       |     2 ||     2
       Stone Arrow       |       |       |     1 ||     1
Evoke: Wand              |       |     1 |     4 ||     5
  Use: Potion            |       |       |     7 ||     7
Armor: Robe              |       |       |     2 ||     2
Dodge: Dodged            |     3 |     3 |     3 ||     9

Table legend: (Time is in decaauts)
 A = Elapsed time spent in this place.
 B = Non-inter-level travel time spent in this place.
 C = Inter-level travel time spent in this place.
 D = Time resting spent in this place.
 E = Time spent auto-exploring this place.
 F = Levels seen in this place.
 G = Mean time per level.
                   A        B        C        D        E       F      G
               +--------+--------+--------+--------+--------+-----+--------+
         Total |   1563 |   1563 |      0 |   1029 |    248 |   1 | 1563.0 |
       Dungeon |   1563 |   1563 |      0 |   1029 |    248 |   1 | 1563.0 |
               +--------+--------+--------+--------+--------+-----+--------+

Top non-repeatable levels by time:
       D: 1563 daAuts
